 Dungeon Sprint DCSS version 0.29-a0-369-gd956c00756 (webtiles) character file.

Game seed: 14434939502971306194

263 mhtbhm the Protected (level 6, -3/44 HPs)
             Began as a Gargoyle Fighter on May 1, 2022.
             Splashed by a jelly's acid (8 damage)
             ... in the Dungeon (Sprint I: "Red Sonja").
             The game lasted 00:00:41 (493 turns).

mhtbhm the Protected (Gargoyle Fighter)              Turns: 493, Time: 00:00:42

Health: -3/44      AC: -7    Str: 21    XL:     6   Next: 19%
Magic:  6/6        EV:  9    Int:  9    God:
Gold:   162        SH:  5    Dex:  9    Spells: 5/5 levels left

rFire   . . .      SeeInvis .   a - +0 flail
rCold   . . .      Faith    .   c - +0 buckler
rNeg    + . .      Spirit   .   b - +0 scale mail
rPois   ∞          Reflect  .   (no helmet)
rElec   +          Harm     .   (no cloak)
rCorr   .          Rampage  .   (no gloves)
Will    .....      NoTele   +   (no boots)
Stlth   ..........              (no amulet)
HPRegen 0.14/turn               (no ring)
MPRegen 0.10/turn               (no ring)

@: mighty, corroded, hasted, very quick
A: sickness immunity, AC +4, negative energy resistance 1, electricity
resistance, torment resistance 1, petrification resistance
a: no special abilities


You were in the Dungeon.
You visited 1 branch You collected 162 gold pieces.

Inventory:

Hand Weapons
 a - a +0 flail (weapon)
Armour
 b - a +0 scale mail (worn)
 c - a +0 buckler (worn)
Scrolls
 j - a scroll of blinking
Potions
 f - a potion of heal wounds
 h - 3 potions of magic


   Skills:
 + Level 7.6 Fighting
 + Level 5.3 Maces & Flails
 + Level 8.3 Armour
 + Level 0.7 Dodging
 + Level 7.6 Shields
 + Level 0.3 Evocations


You had 5 spell levels left.
You didn't know any spells.
Your spell library was empty.

Dungeon Overview and Level Annotations

Branches:
Dungeon (1/1)

Altars:
Sif Muna
Vehumet
Wu Jian


Innate Abilities, Weirdness & Mutations

You are immune to sickness and miasma.
Your stone body is resilient. (AC +4)
You are immune to poison.
You resist negative energy. (rN+)
You are resistant to electric shocks. (rElec)
You are resistant to unholy torment.
You are immune to petrification.


Message History

You see here a +0 short sword.
You feel yourself speed up. The jelly hits you but does no damage.
There is an open door here.
You aren't carrying any items that you can evoke.
There is an open door here.
Things that are here:
a +0 scythe; a +0 robe; the human corpse of Sigmund
There is an open door here.
There is an open door, spattered with blood here.
Things that are here:
a +0 giant spiked club; an ogre skeleton
Things that are here:
a +0 dagger of draining; a +0 leather armour
There is an open door here.
There is a fountain of clear blue water here.
There is a fountain of clear blue water here.
A jelly is nearby!
You aren't carrying any items that you can evoke.
Unknown command.
Okay, then.
You feel very mighty all of a sudden.
You hit the jelly. The acid corrodes you!
Your hands burn!
The jelly is moderately wounded.
The jelly closely misses you.
You thump the jelly! The acid corrodes you!
Your hands burn!
The jelly is severely wounded.
You hit the jelly.
Your hands burn!
The jelly is almost dead.
The jelly hits you. The acid corrodes you!
You are splashed with acid.
* * * LOW HITPOINT WARNING * * *
You barely miss the jelly.
The jelly is almost dead.
The jelly barely misses you.
You hit the jelly but do no damage.
Your hands burn!
* * * LOW HITPOINT WARNING * * *
The jelly is almost dead.
The jelly hits you.
* * * LOW HITPOINT WARNING * * *
You are splashed with acid!
You die...

################
#<.#..J..#..'..#
#..').#..J).#..+
#..#####'#####J#
#.J# #..# #)#
#.@# #### #?#
#..# #_.+ #⌠⌠#
..._# ####
#_.#+# ##+


You could see a jelly.

Vanquished Creatures
  Sigmund (D)
  An ogre (D)
  Ijyb (D)
3 creatures vanquished.

Notes
Turn   | Place    | Note
-------+----------+-------------------------------------------
     0 | D        | mhtbhm the Gargoyle Fighter began the quest for the Orb.
     0 | D        | Reached XP level 1. HP: 14/14 MP: 1/1
     2 | D        | Noticed Ijyb
    11 | D        | Killed Ijyb
    12 | D        | Reached skill level 4 in Armour
    12 | D        | Reached XP level 2. HP: 9/20 MP: 2/2
    12 | D        | Reached XP level 3. HP: 11/24 MP: 3/3
   173 | D        | Noticed an ogre
   180 | D        | Killed an ogre
   181 | D        | Reached skill level 6 in Armour
   181 | D        | Reached XP level 4. HP: 20/32 MP: 4/4
   367 | D        | Noticed Sigmund
   374 | D        | Killed Sigmund
   375 | D        | Reached skill level 5 in Maces & Flails
   375 | D        | Reached skill level 8 in Armour
   375 | D        | Reached XP level 5. HP: 29/38 MP: 5/5
   375 | D        | Reached XP level 6. HP: 33/44 MP: 6/6
   459 | D        | Found an ornate altar of the Wu Jian Council.
   459 | D        | Found a shimmering blue altar of Sif Muna.
   461 | D        | Found a radiant altar of Vehumet.
   493 | D        | Splashed by a jelly's acid

Illustrated notes

Levels and vault maps discovered:
D:        dungeon_sprint_1 [red_sonja_temple_1, red_sonja_temple_small_1]

Skill      XL: |  1  2  3  4 |
---------------+-------------+-----
Fighting       | 4 6 7 |  7.6
Armour         | 4 6 8 |  8.3
Shields        | 4 6 7 |  7.6
Maces & Flails | 3 5 |  5.3
Dodging        | |  0.7
Evocations     | |  0.3

Action                   |  1- 3 |  4- 6 || total
-------------------------+-------+-------++-------
Melee: Flail             |    14 |    10 ||    24
Evoke: Wand              |       |     2 ||     2
  Use: Potion            |     1 |     3 ||     4
Armor: Scale mail        |     4 |     1 ||     5
Dodge: Dodged            |     2 |     3 ||     5
Block: Buckler           |     2 |     3 ||     5

Table legend: (Time is in decaauts)
 A = Elapsed time spent in this place.
 B = Non-inter-level travel time spent in this place.
 C = Inter-level travel time spent in this place.
 D = Time resting spent in this place.
 E = Time spent auto-exploring this place.
 F = Levels seen in this place.
 G = Mean time per level.
                   A        B        C        D        E       F      G
               +--------+--------+--------+--------+--------+-----+--------+
         Total |    495 |    495 |      0 |    407 |      0 |   1 |  495.0 |
       Dungeon |    495 |    495 |      0 |    407 |      0 |   1 |  495.0 |
               +--------+--------+--------+--------+--------+-----+--------+

Top non-repeatable levels by time:
       D: 495 daAuts
